Match 33584984
Unlisted

Match 33584984
End
Construct Infanterie Kompanie
Selects Breakthrough Battlegroup
Selects Assault Grenadiers
Grenadier Squad
MG 42 Machine Gun Team
GrW 34 Mortar Team
Grenadier Squad
Construct Panzergrenadier Kompanie
251 Medium Carrier
Pak 40 Anti-tank Gun Team
Selects Smoke Bombing Run
Support Elements
Forward Retreat Point
Nebelwerfer 42 Rocket Launcher Team
Panzergrenadier Squad
Selects Incendiary Bombing Run
Selects Rapid Production
Incendiary Bombing Run
Construct Panzer Kompanie
Nebelwerfer 42 Rocket Launcher Team
Panzer IV Medium Tank
Incendiary Bombing Run
Selects Blitzkrieg
251 Medium Carrier
Panzer IV Medium Tank
Incendiary Bombing Run
Pioneer Squad
Incendiary Bombing Run
Forward Retreat Point
Panzergrenadier Squad
Panzer IV Medium Tank
Incendiary Bombing Run
Side Skirts
Incendiary Bombing Run
Panzer IV Medium Tank
Smoke Bombing Run
Selects Tiger Heavy Tank
Incendiary Bombing Run
Panzer IV Medium Tank
Stoßtruppen Squad
Achilles Gaming @ YouTube
Jenasaie
Herogus3xD
Leaking Lamp
N7 SHARK
Turtleboy
Alpenwell
GreyFox_13
0
0

Comments sign in to comment!

No comments posted yet!